 Dungeon Crawl Stone Soup version 0.27-a0-1182-gee19b5822f (webtiles) character file.

Game seed: 11925576114914400109

18685 Morbidden the Thaumaturge (level 12, -9/88 HPs)
             Began as a Demonspawn Brigand on May 18, 2021.
             Was the Champion of Cheibriados.
             Mangled by a skeletal warrior
             ... wielding a +3 glaive
             ... led by a skeletal warrior
              (10 damage)
             ... on level 12 of the Dungeon.
             The game lasted 00:23:29 (11920 turns).

Morbidden the Thaumaturge (Demonspawn Brigand)     Turns: 11920, Time: 00:23:29

Health: -9/88      AC: 14    Str: 26    XL:     12   Next: 29%
Magic:  0/27       EV: 17    Int: 35    God:    Cheibriados [******]
Gold:   272        SH: 17    Dex: 28    Spells: 26/33 levels left

rFire    + + .     SeeInvis .   b - +2 long sword (vamp)
rCold    + . .     Faith    .   C - +1 buckler {AC+3}
rNeg     . . .     Spirit   +   N - +0 steam dragon scales
rPois    +         Reflect  +   O - +1 helmet
rElec    +         Harm     .   c - +0 cloak
rCorr    +         Rampage  .   G - +0 pair of gloves
Will     .....     Rnd*Rage +   (no boots)
Stlth    ++++......             R - amulet of reflection
HPRegen  0.24/turn              r - ring of protection from fire
MPRegen  0.40/turn              A - ring of flight

@: mighty, resistant, flying, very slow
A: hooves 1, demonic guardian 1, magic shield, magic regeneration, big brain 1,
large bone plates 1, berserk 1, clumsy 1, shaggy fur 1
a: Renounce Religion, Bend Time, Temporal Distortion, Slouch, Step From Time


You were on level 12 of the Dungeon.
You worshipped Cheibriados.
Cheibriados was exalted by your worship.
You visited 2 branches of the dungeon, and saw 13 of its levels.
You also visited: Bailey.

You collected 678 gold pieces.
You spent 406 gold pieces at shops.

Inventory:

Hand Weapons
 a - a +1 dagger of protection
 b - a +2 vampiric long sword (weapon)
 s - a +4 long sword
Missiles
 d - 33 poisoned darts (quivered)
 e - 6 curare-tipped darts
 u - 46 boomerangs
Armour
 c - a +0 cloak (worn)
 C - a +1 buckler of protection (worn)
 G - a +0 pair of gloves (worn)
 N - +0 steam dragon scales (worn)
 O - a +1 helmet (worn)
 P - a +0 kite shield
Magical Staves
 g - a staff of air
Jewellery
 r - a ring of protection from fire (left hand)
 y - a ring of fire
 A - a ring of flight (right hand)
 R - an amulet of reflection (around neck)
Wands
 i - a wand of mindburst (29)
 o - a wand of polymorph (5)
 t - a wand of acid (14)
 x - a wand of digging (3)
 E - a wand of iceblast (2)
 K - a wand of flame (44)
Scrolls
 h - 3 scrolls of teleportation
 j - a scroll of silence
 m - a scroll of magic mapping
 v - a scroll of enchant armour
 H - 4 scrolls of enchant weapon
 J - a scroll of amnesia
 Q - a scroll of blinking {unknown}
 S - a scroll of identify
Potions
 f - a potion of resistance
 k - a potion of curing
 l - a potion of magic {unknown}
 n - a potion of cancellation {unknown}
 p - 2 potions of might
 q - a potion of invisibility {unknown}
 w - 2 potions of ambrosia {unknown}
 z - a potion of berserk rage {unknown}
 B - a potion of flight {unknown}
 D - 2 potions of lignification
 F - a potion of heal wounds {unknown}
 I - a potion of brilliance {unknown}
 M - 2 potions of degeneration {unknown}
Miscellaneous
 T - a lightning rod (4/4)


   Skills:
 * Level 6.0 Fighting
 + Level 3.8(4.5) Short Blades
 * Level 3.7(4.5) Long Blades
 + Level 4.8 Throwing
 + Level 2.9 Armour
 * Level 5.5 Dodging
 * Level 7.1 Stealth
 + Level 3.1 Shields
 + Level 0.1 Unarmed Combat
 * Level 11.4 Spellcasting
 * Level 9.6 Conjurations
 * Level 2.5 Translocations
 + Level 1.3 Ice Magic
 + Level 1.1 Evocations


You had 26 spell levels left.
You knew the following spells:

 Your Spells              Type           Power      Damage    Failure   Level
a - Magic Dart            Conj           100%       1d8       1%          1
b - Searing Ray           Conj           100%       3d7       1%          2
z - Iskenderun's Mystic   Conj/Tloc      58%        2d12      1%          4

Your spell library contained the following spells:

 Spells                   Type           Power      Damage    Failure   Level
 Freeze                   Ice            100%       1d11      1%          1
 Dazzling Flash           Conj/Hex       100%       N/A       1%          3
 Stone Arrow              Conj/Erth      100%       3d13      1%          3
 Animate Skeleton         Necr           40%        N/A       2%          1
 Pain                     Necr           80%        1d8       2%          1
 Sandblast                Erth           40%        2d10      2%          1
 Hailstorm                Conj/Ice       55%        3d12      2%          4
 Passwall                 Tmut/Erth      16%        N/A       3%          2
 Fulminant Prism          Conj/Hex       26%        3d14      3%          4
 Frozen Ramparts          Ice            58%        1d7       4%          3
 Ozocubu's Armour         Ice            29%        N/A       4%          3
 Vampiric Draining        Necr           10%        2d7       7%          3
 Animate Dead             Necr           10%        N/A       24%         4
 Petrify                  Tmut/Erth      20%        N/A       24%         4
 Metabolic Englaciation   Hex/Ice        12%        N/A       45%         5
 Agony                    Necr           20%        N/A       54%         5
 Lee's Rapid Deconstruct  Erth           10%        3d9*      54%         5


Dungeon Overview and Level Annotations

Branches:
Dungeon (12/15)            Temple (1/1) D:4            Lair (0/6) D:11
    Orc (0/2) D:10         Bailey (visited)

Altars:
Ashenzari
Cheibriados
Dithmenos
Elyvilon
Fedhas
Gozag
Hepliaklqana
Kikubaaqudgha
Makhleb
Nemelex Xobeh
Okawaru
Qazlal
Ru
Trog
Uskayaw
Wu Jian
Yredelemnul
Zin
The Shining One
Beogh

Shops:
D:5 *   D:10 [=?:

Annotations:
D:8 UristMcRaven's ghost, novice OpEE
D:10 2 transporters, exclusion: obsidian statue, Renjy's ghost, journeyman KoGl
D:11 2 runed translucent doors


Innate Abilities, Weirdness & Mutations

You have large cloven feet.
A weak demonic guardian rushes to your aid.
When hurt, damage is shared between your health and your magic reserves.
You regenerate magic rapidly.
You have an unusually large brain. (Int +2)
You are partially covered in large bone plates. (SH +4)
You tend to lose your temper in combat.
You are clumsy. (Dex -2)
You are covered in fur. (AC +1)


Message History

Casting: Iskenderun's Mystic Blast (dangerous; 1% risk of failure)
Confirm with . or Enter, or press ? or * to list all spells.
You erupt in a blast of force!
The mystic blast hits the skeletal warrior!!
The skeletal warrior is almost destroyed.
The skeletal warrior is knocked back by the mystic blast.
The mystic blast hits the skeletal warrior but does no damage.
The skeletal warrior misses you.
Unknown command.
Unknown command.
Unknown command.
Okay, then.
It was a potion of resistance.
You feel protected.
The skeletal warrior hits you from afar with a +3 glaive.
* * * LOW HITPOINT WARNING * * *
A demonic guardian appears!
Unknown command.
Unknown command.
Unknown command.
Unknown command.
You feel better.
You block the skeletal warrior's attack.
Unknown command.
Unknown command.
Unknown command.
It was a potion of might.
You feel very mighty all of a sudden.
The skeletal warrior hits you from afar with a +3 glaive!!
* * * LOW HITPOINT WARNING * * *
Your white imp gestures at the skeletal warrior.
The puff of frost hits the skeletal warrior.
The skeletal warrior resists.
Unknown command.
Unknown command.
Unknown command.
As you read the scroll labelled XUMUJI BIMEU, it crumbles to dust.
The scroll dissolves into smoke.
It was a scroll of fog.
The skeletal warrior hits you from afar with a +3 glaive!
You die...

#......#
#......#
#......#
#......#
#......#
###......#
#..<§.§..#
......#.z§§5.#
.........z@§§#
...!....§§§§.#
.......###.###
....... #.#
....... #.#
...... #.# ...
#.# #.#


You could see 2 skeletal warriors and a friendly white imp (summoned).

Vanquished Creatures
  An orc warlord (Bailey)
  A boulder beetle (D:11)
  Pikel (D:8)
  Maurice (D:8)
  An elephant (D:11)
  Maggie (D:9)
  Psyche (D:12)
  A troll (D:12)
  4 wraiths
  2 wyverns (D:11)
  6 yaks (D:10)
  Grum (D:11)
  2 basilisks (D:11)
  A warg (D:10)
  An acid dragon (D:8)
  6 orc warriors
  A sky beast (D:8)
  2 hornet zombies
  4 wolves (D:11)
  4 ogres
  A necrophage (D:2)
  8 centaurs
  2 lemures (D:8)
  A phantom (D:7)
  2 kobold brigands
  2 bullfrogs
  A scorpion (D:5)
  A gnoll sergeant (D:11)
  A wyvern zombie (D:7)
  15 killer bees
  21 wights
  2 centaur zombies
  8 orc priests
  A gnoll shaman (D:9)
  3 hounds
  5 orc wizards
  A howler monkey zombie (D:9)
  4 adders
  7 gnolls
  An adder skeleton (D:2)
  A worm (D:3)
  2 dart slugs
  55 orcs
  5 ball pythons
  7 endoplasms
  2 giant cockroaches (D:1)
  11 hobgoblins
  8 jackals
  30 kobolds
  5 quokkas
  4 bats
  3 frilled lizards
  8 goblins
  2 rats
272 creatures vanquished.

Vanquished Creatures (collateral kills)
  A manticore (D:11)
  An orc warrior (D:5)
  A wyvern zombie (D:9)
  A water moccasin skeleton (D:5)
  A killer bee (D:10)
  A wight (D:9)
  An iguana (D:5)
  3 gnolls
  2 orcs
  2 goblins
  A hobgoblin (D:7)
  A kobold (Bailey)
16 creatures vanquished.

Vanquished Creatures (others)
  5 fungi (D:5)
  5 plants (D:5)
10 creatures vanquished.

Grand Total: 298 creatures vanquished

Notes
Turn   | Place    | Note
-------+----------+-------------------------------------------
     0 | D:1      | Morbidden the Demonspawn Brigand began the quest for the
                  | Orb.
     0 | D:1      | Reached XP level 1. HP: 16/16 MP: 1/1
   128 | D:1      | Reached skill level 1 in Dodging
   345 | D:1      | Gained mutation: You regenerate magic rapidly. [demonic
                  | ancestry]
   345 | D:1      | Reached XP level 2. HP: 22/22 MP: 2/2
  1073 | D:2      | Gained mutation: A weak demonic guardian rushes to your
                  | aid. [demonic ancestry]
  1073 | D:2      | Reached XP level 3. HP: 28/28 MP: 3/3
  1368 | D:2      | Noticed a necrophage
  1396 | D:2      | Killed a necrophage
  1397 | D:2      | Gained mutation: When hurt, damage is shared between your
                  | health and your magic reserves. [demonic ancestry]
  1397 | D:2      | Reached XP level 4. HP: 24/34 MP: 4/4
  1607 | D:2      | Gained mutation: You have large cloven feet. [demonic
                  | ancestry]
  1607 | D:2      | Reached XP level 5. HP: 40/40 MP: 5/5
  1705 | D:2      | Found an iron altar of Okawaru.
  1936 | D:3      | Found a faded altar of an unknown god.
  2529 | D:4      | Found a sparkling altar of Nemelex Xobeh.
  2851 | D:4      | Found a staircase to the Ecumenical Temple.
  2905 | Temple   | Entered the Ecumenical Temple
  2963 | Temple   | Became a worshipper of Cheibriados the Contemplative
  3290 | D:5      | Entered Level 5 of the Dungeon
  3291 | D:5      | Noticed an ogre
  3308 | D:5      | Killed an ogre
  3309 | D:5      | Gained mutation: You have an unusually large brain. (Int
                  | +2) [demonic ancestry]
  3309 | D:5      | Reached XP level 6. HP: 27/47 MP: 3/7
  3461 | D:5      | Found a blossoming altar of Fedhas.
  3463 | D:5      | Found a stormy altar of Qazlal.
  3479 | D:5      | Learned a level 1 spell: Freeze
  3796 | D:5      | Noticed an orc warrior
  3826 | D:5      | Killed an orc warrior
  3827 | D:5      | Reached skill level 1 in Spellcasting
  3835 | D:5      | Reached skill level 1 in Armour
  4128 | D:5      | Reached skill level 1 in Ice Magic
  4128 | D:5      | Reached XP level 7. HP: 11/52 MP: 2/9
  4481 | D:5      | Learned a level 1 spell: Magic Dart
  4572 | D:5      | Reached skill level 5 in Stealth
  4612 | D:5      | Reached * piety under Cheibriados
  4978 | D:5      | Found Foemour's General Store.
  4986 | D:5      | Bought a +1 buckler of protection for 181 gold pieces
  5327 | D:6      | You fall into a shaft and drop 1 floor!
  5349 | D:7      | Found a flagged portal.
  5460 | Bailey   | Entered a bailey
  5465 | Bailey   | Noticed an orc warlord
  5633 | Bailey   | Gained mutation: Armour fits poorly on your strangely
                  | shaped body. [potion of mutation]
  5633 | Bailey   | Gained mutation: Your body sometimes deteriorates upon
                  | taking damage. [potion of mutation]
  5634 | Bailey   | Lost mutation: Your body sometimes deteriorates upon taking
                  | damage. [potion of mutation]
  5634 | Bailey   | Lost mutation: Armour fits poorly on your strangely shaped
                  | body. [potion of mutation]
  5634 | Bailey   | Gained mutation: You tend to lose your temper in combat.
                  | [potion of mutation]
  5634 | Bailey   | Gained mutation: You are covered in fur. (AC +1) [potion of
                  | mutation]
  5634 | Bailey   | Gained mutation: You are clumsy. (Dex -2) [potion of
                  | mutation]
  5634 | Bailey   | Gained mutation: You are partially covered in large bone
                  | plates. (SH +4) [potion of mutation]
  5649 | Bailey   | Reached ** piety under Cheibriados
  5650 | Bailey   | Reached skill level 1 in Conjurations
  5930 | Bailey   | Found a runed translucent gate.
  5930 | Bailey   | Found a runed translucent gate.
  5950 | Bailey   | Found a runed translucent gate.
  6056 | Bailey   | Reached skill level 2 in Spellcasting
  6056 | Bailey   | Reached XP level 8. HP: 53/60 MP: 8/11
  6316 | Bailey   | Killed an orc warlord
  6317 | Bailey   | Reached skill level 1 in Shields
  6317 | Bailey   | Reached skill level 3 in Spellcasting
  6317 | Bailey   | Reached XP level 9. HP: 63/67 MP: 11/13
  6357 | Bailey   | Reached skill level 10 in Spellcasting
  6357 | Bailey   | Reached XP level 10. HP: 73/73 MP: 13/24
  6366 | Bailey   | Reached XP level 11. HP: 78/78 MP: 17/25
  6370 | Bailey   | Learned a level 2 spell: Searing Ray
  6375 | Bailey   | Learned a level 4 spell: Iskenderun's Mystic Blast
  6634 | D:7      | Reached skill level 1 in Evocations
  7327 | D:8      | Reached *** piety under Cheibriados
  7639 | D:8      | Noticed Pikel
  7651 | D:8      | Killed Pikel
  7652 | D:8      | Reached skill level 5 in Fighting
  7652 | D:8      | Reached skill level 11 in Spellcasting
  7708 | D:8      | Noticed Maurice
  7722 | D:8      | Killed Maurice
  7983 | D:8      | Noticed UristMcRaven's ghost (novice OpEE)
  8001 | D:8      | Found a runed translucent gate.
  8001 | D:8      | Found a runed translucent gate.
  8001 | D:8      | Found a runed translucent gate.
  8114 | D:8      | Found a broken altar of Ashenzari.
  8114 | D:8      | Found a basalt altar of Yredelemnul.
  8361 | D:8      | Paralysed by a hornet for 1 turns
  8811 | D:9      | Noticed Maggie
  8822 | D:9      | Killed Maggie
  8822 | D:9      | Reached **** piety under Cheibriados
  8823 | D:9      | Reached skill level 1 in Long Blades
  9129 | D:9      | Reached skill level 1 in Translocations
  9725 | D:10     | Entered Level 10 of the Dungeon
  9732 | D:10     | Found Ozxeuc's Jewellery Shoppe.
  9758 | D:10     | Reached ***** piety under Cheibriados
 10270 | D:10     | Found Davoysch's Antique Armour Emporium.
 10279 | D:10     | Bought a runed helmet for 225 gold pieces
 10378 | D:10     | Found a transporter.
 10384 | D:10     | Noticed Renjy's ghost (journeyman KoGl)
 10407 | D:10     | Noticed an obsidian statue
 10439 | D:10     | Identified the +10 arbalest of Eternal Vigilance {flame,
                  | rElec rC+ Str+2 Stlth+}
 10441 | D:10     | Found a transporter.
 10452 | D:10     | Found Gerovuna's Magic Scroll Shop.
 10608 | D:10     | Found Axkupnit's Book Emporium.
 10722 | D:10     | Reached skill level 5 in Dodging
 10822 | D:10     | Found a staircase to the Orcish Mines.
 11161 | D:11     | Noticed Grum
 11172 | D:11     | Reached ****** piety under Cheibriados
 11173 | D:11     | Reached XP level 12. HP: 75/87 MP: 10/27
 11176 | D:11     | Killed Grum
 11482 | D:11     | Found a staircase to the Lair.
 11543 | D:11     | Noticed a boulder beetle
 11570 | D:11     | Killed a boulder beetle
 11662 | D:11     | Noticed a seven-headed hydra
 11662 | D:11     | Noticed a death knight
 11663 | D:11     | Noticed a centaur warrior
 11663 | D:11     | Noticed a boulder beetle
 11663 | D:11     | Noticed a seven-headed hydra
 11664 | D:11     | Found a runed translucent door.
 11664 | D:11     | Found a runed translucent door.
 11781 | D:12     | Noticed Psyche
 11798 | D:12     | Killed Psyche
 11919 | D:12     | HP: 1/88 [skeletal warrior/+3 glaive[a skeletal warrior]
                  | (25)]
 11920 | D:12     | Mangled by a skeletal warrior

Illustrated notes

Levels and vault maps discovered:
D:1:      nagdon_arrival_zigzag_paths, layout_loops_ring
D:2:      layout_rooms, kennysheep_flooded_box
D:3:      layout_rooms, lemuel_crystal_altar,
          ebering_ecumenical_altar_petrified, minmay_fountain_box
D:4:      cheibrodos_quashed, layout_loops_cross,
          gammafunk_temple_overflow_wave, minmay_temple_entry_statues_pillars
D:5:      layout_basic, grunt_temple_overflow_forces_of_nature,
          lemuel_round_altar, serial_shops, shop
D:6:      layout_cave_pools, nicolae_overflow_crystal_walls, pf_just_have_faith,
          amethyst_overflow_temple_binary
D:7:      lemuel_ice_spiral_2, layout_basic, enter_bailey_4
D:8:      layout_cave_pools, gammafunk_temple_overflow_statue,
          gammafunk_ghost_split, uniq_maurice, uniq_pikel
D:9:      layout_loops_ring, uniq_maggie
D:10:     layout_roguey [special_room_orc], erik_orc_4, serial_shops,
          nicolae_shop_behind_doors, nicolae_shop_waterfront, shop, shop,
          gammafunk_ghost_berserking_beasts, minivault_16
D:11:     minmay_the_grid_triangle_9x9_rhombus_full_mashed
          [minmay_the_grid_triangle_9x9_skeleton,
          minmay_the_grid_triangle_9x9_fully_insulated_deathbox,
          minmay_the_grid_triangle_9x9_swiss_cheese,
          minmay_the_grid_triangle_9x9_from_above,
          minmay_the_grid_triangle_9x9_longest,
          minmay_the_grid_triangle_9x9_corruption,
          minmay_the_grid_triangle_9x9_limited_checkers,
          minmay_the_grid_triangle_9x9_prize_center], layout_small_grid,
          david_lair_generic, uniq_grum, uniq_urug
D:12:     layout_rooms, minmay_misc_feat_ornament, uniq_psyche, uniq_nessos
Temple:   zaba_magenta_temple

Skill      XL: |  1  2  3  4  5  6  7  8  9 10 11 12 |
---------------+-------------------------------------+-----
Dodging        | 1 2 3 4 5 |  5.5
Stealth        | 4 5 6 7 |  7.1
Short Blades   | 2 3 |  3.8
Throwing       | 2 3 4 |  4.8
Fighting       | 3 4 5 6 |  6.0
Spellcasting   | 1 2 3 10 11 | 11.4
Armour         | 1 2 |  2.9
Ice Magic      | 1 |  1.3
Conjurations   | 1 2 9 |  9.6
Shields        | 1 2 3 |  3.1
Evocations     | 1 |  1.1
Long Blades    | 2 3 |  3.7
Translocations | 2 |  2.5
Unarmed Combat | |  0.1

Action                   |  1- 3 |  4- 6 |  7- 9 | 10-12 || total
-------------------------+-------+-------+-------+-------++-------
Melee: Dagger            |   125 |   172 |   100 |       ||   397
       Kick              |       |    43 |    32 |   122 ||   197
       Long sword        |       |       |       |   184 ||   184
       Unarmed           |       |       |       |    15 ||    15
Throw: Dart              |     6 |    42 |    24 |    12 ||    84
       Boomerang         |       |     3 |    35 |       ||    38
 Cast: Freeze            |       |     2 |     2 |       ||     4
       Magic Dart        |       |       |       |   106 ||   106
       Searing Ray       |       |       |       |    56 ||    56
       Iskenderun's Myst |       |       |       |    34 ||    34
Evoke: Wand              |       |       |     3 |       ||     3
  Use: Potion            |       |     1 |     3 |     5 ||     9
       Scroll            |       |       |     9 |     3 ||    12
 Stab: Sleeping          |    10 |     4 |     1 |     5 ||    20
Armor: Robe              |    41 |    17 |       |       ||    58
       Leather armour    |       |    43 |    40 |    15 ||    98
       Steam dragon scal |       |       |       |    63 ||    63
       Skin              |       |       |       |     3 ||     3
Dodge: Dodged            |    76 |   114 |    79 |   232 ||   501
Block: Buckler           |       |       |    33 |   282 ||   315
       Reflection        |       |       |       |     6 ||     6
       Rpst.: Long sword |       |       |       |    50 ||    50

Table legend: (Time is in decaauts)
 A = Elapsed time spent in this place.
 B = Non-inter-level travel time spent in this place.
 C = Inter-level travel time spent in this place.
 D = Time resting spent in this place.
 E = Time spent auto-exploring this place.
 F = Levels seen in this place.
 G = Mean time per level.
                   A        B        C        D        E       F      G
               +--------+--------+--------+--------+--------+-----+--------+
         Total |  14761 |  14245 |    516 |    867 |  10642 |  14 | 1054.4 |
       Dungeon |  13560 |  13064 |    496 |    544 |  10289 |  12 | 1130.0 |
        Temple |     80 |     60 |     20 |      0 |     54 |   1 |   80.0 |
        Bailey |   1121 |   1121 |      0 |    323 |    299 |   1 | 1121.0 |
               +--------+--------+--------+--------+--------+-----+--------+

Top non-repeatable levels by time:
     D:5: 2261 daAuts
    D:10: 2058 daAuts
     D:9: 1794 daAuts
     D:8: 1553 daAuts
     D:7: 1424 daAuts
  Bailey: 1121 daAuts
     D:1: 1042 daAuts
    D:11: 975 daAuts
     D:4: 933 daAuts
     D:2: 785 daAuts
     D:3: 502 daAuts
    D:12: 159 daAuts
  Temple: 80 daAuts
     D:6: 70 daAuts
